 Dungeon Crawl Stone Soup version 0.23.0 (webtiles) character file.

Game seed: 8689276927799427361

13639696 EnegeticOcto the Conqueror (level 27, 269/269 (273) HPs)
             Began as a Centaur Wanderer on Feb 17, 2019.
             Was the Champion of the Shining One.
             Escaped with the Orb
             ... and 15 runes on Feb 18, 2019!
             The game lasted 04:08:57 (117469 turns).

EnegeticOcto the Conqueror (Centaur Wanderer)     Turns: 117469, Time: 04:08:57

HP:   269/269 (273) AC: 55    Str: 22    XL:     27
MP:   40/40         EV: 28    Int: 10    God:    the Shining One [******]
Gold: 11942         SH:  0    Dex: 21    Spells: 32/50 levels left

rFire    + + .     SeeInvis .   s - +9 longbow (holy)
rCold    + . .     Gourm    .   (shield currently unavailable)
rNeg     + + +     Faith    +   k - +13 crystal plate armour "Kearuan" {rN+ Slay+3}
rPois    +         Spirit   .   l - -2 hat of the Alchemist {rElec rPois rF+ rC+ rN+ MR+ rMut rCorr}
rElec    +         Reflect  .   P - scarf {repulsion}
rCorr    +         Harm     .   d - +2 pair of gloves {archery}
rMut     +                      o - +4 centaur barding {rF+}
MR       +++..                  S - amulet of faith
Stlth    ..........             p - ring of the Disturbing Runes {EV+3 Dex+7}
HPRegen  0.54/turn              Y - ring of Phasing {EV+8}
MPRegen  0.27/turn

@: flying (expiring), glowing, repel missiles, very quick
A: large, hooves 3, deformed body, deterioration 1, dopey 1, speed 2, tough skin
3
0: Orb of Zot
}: 15/15 runes: decaying, slimy, silver, golden, iron, obsidian, icy, bone,
abyssal, demonic, glowing, magical, fiery, dark, gossamer
a: Divine Shield, Cleansing Flame, Summon Divine Warrior, Renounce Religion


You escaped.
You worshipped the Shining One.
The Shining One was exalted by your worship.
You were not hungry.

You visited 18 branches of the dungeon, and saw 87 of its levels.
You visited Pandemonium 1 time, and saw 22 of its levels.
You visited the Abyss 1 time.
You visited 1 bazaar.
You visited 1 ziggurat, and saw 15 of its levels.
You also visited: Trove, Ice Cave and Wizlab.

You collected 13795 gold pieces.
You spent 1853 gold pieces at shops.

Inventory:

Hand Weapons
 a - the +8 storm bow {elec}
   (You acquired it on level 15 of the Dungeon)

   It charges the ammunition it shoots with electricity; occasionally upon a
   hit, such missiles may discharge and cause terrible harm.
 s - a +9 longbow of holy wrath (weapon)
 C - the +8 longbow of Nyosibb {venom, rF+ MR+}
   (You found it on level 3 of the Elven Halls)

   It poisons the ammo it fires.
   It protects you from fire.
   It affects your resistance to hostile enchantments.
Missiles
 v - 676 arrows (quivered)
 V - 20 throwing nets {!f}
Armour
 d - a +2 pair of gloves of archery (worn)
 k - the +13 crystal plate armour "Kearuan" (worn) {rN+ Slay+3}
   (You acquired it on level 2 of the Swamp)

   It affects your accuracy and damage with ranged weapons and melee attacks
   (+3).
   It protects you from negative energy.
 l - the -2 hat of the Alchemist (worn) {rElec rPois rF+ rC+ rN+ MR+ rMut rCorr}
   (You found it in a wizard's laboratory)

   It protects you from fire.
   It protects you from cold.
   It insulates you from electricity.
   It protects you from poison.
   It protects you from negative energy.
   It affects your resistance to hostile enchantments.
   It provides partial protection from all sources of acid and corrosion.
   It protects you from mutation.
 o - a +4 centaur barding of fire resistance (worn)
 P - a scarf of repulsion (worn)
Jewellery
 p - the ring of the Disturbing Runes (left hand) {EV+3 Dex+7}
   (You bought it in a shop in a bazaar)

   [ring of evasion]

   It affects your evasion (+3).
   It affects your dexterity (+7).
 D - the ring of Saxirr {+Fly rC++ Stlth+}
   (You bought it in a shop on level 2 of the Orcish Mines)

   [ring of stealth]

   It greatly protects you from cold.
   It lets you fly.
   It makes you more stealthy.
 S - an amulet of faith (around neck)
 U - the ring of Okawaru's Regard {rElec rF++ Int-3 SInv}
   (You found it on level 6 of a ziggurat)

   [ring of see invisible]

   It affects your intelligence (-3).
   It greatly protects you from fire.
   It insulates you from electricity.
   It lets you see invisible.
 Y - the ring of Phasing (right hand) {EV+8}
   (You found it on level 2 of the Elven Halls)

   [ring of evasion]

   It affects your evasion (+8).
Wands
 A - a wand of acid (34)
 H - a wand of digging (45)
Scrolls
 e - 14 scrolls of fog
 j - 11 scrolls of teleportation {@r3 !r}
 m - 3 scrolls of holy word
 r - 11 scrolls of immolation
 x - 11 scrolls of fear
 y - 16 scrolls of blinking {@r4}
 E - 6 scrolls of magic mapping {@r5 !r}
 F - 3 scrolls of enchant weapon
 J - 37 scrolls of remove curse {@r2}
 L - 12 scrolls of enchant armour
 M - 17 scrolls of identify {@r1}
 O - 6 scrolls of silence
 T - 11 scrolls of summoning
Potions
 c - 6 potions of resistance
 g - 3 potions of cancellation
 h - 3 potions of curing {@q1}
 i - 3 potions of haste {@q4 !q}
 n - 10 potions of brilliance
 t - 30 potions of mutation
 u - 9 potions of berserk rage
 w - 5 potions of might {@q3 !q}
 z - 3 potions of magic
 B - 7 potions of agility {@q5 !q}
 I - 8 potions of heal wounds {@q2}
 K - 2 potions of flight
 N - 7 potions of lignification {@q6 !q}
 Q - 3 potions of ambrosia
Miscellaneous
 b - a figurine of a ziggurat
 q - a phial of floods
 W - 9 phantom mirrors
 X - a lamp of fire
 Z - 8 boxes of beasts
Comestibles
 f - 60 rations


   Skills:
 O Level 27 Fighting
 + Level 22.9 Bows
 O Level 27 Armour
 O Level 27 Dodging
   Level 1.0 Shields
 - Level 12.1 Spellcasting
 - Level 10.0 Hexes
 - Level 4.5 Summonings
 - Level 10.0 Translocations
 O Level 27 Invocations
 - Level 1.0 Evocations


You had 32 spell levels left.
You knew the following spells:

 Your Spells              Type           Power        Failure   Level  Hunger
a - Apportation           Tloc           ####..       1%          1    None
b - Summon Butterflies    Summ           ###.....     16%         1    None
c - Blink                 Tloc           N/A          2%          2    None
d - Passwall              Tmut/Erth      #.......     83%         2    None
e - Swiftness             Chrm/Air       #.......     83%         2    None
f - Regeneration          Chrm/Necr      #.........   96%         3    ##.....
g - Portal Projectile     Hex/Tloc       ####..       4%          3    ##.....
h - Passage of Golubria   Tloc           N/A          16%         4    ####...

Your spell library contained the following spells:

 Spells                   Type           Power        Failure   Level  Hunger
 Confusing Touch          Hex            ####..       1%          1    None
 Corona                   Hex            ####...      1%          1    None
 Slow                     Hex            ####....     2%          2    None
 Confuse                  Hex            ####....     4%          3    ##.....
 Gell's Gravitas          Tloc           ####......   4%          3    ##.....
 Lesser Beckoning         Tloc           ####......   4%          3    ##.....
 Tukima's Dance           Hex            ####....     4%          3    ##.....
 Summon Small Mammal      Summ           ###.         16%         1    None
 Recall                   Summ/Tloc      N/A          16%         3    ##.....
 Summon Guardian Golem    Hex/Summ       ###.....     16%         3    ##.....
 Ensorcelled Hibernation  Hex/Ice        ###...       19%         2    None
 Shroud of Golubria       Chrm/Tloc      ###.......   19%         2    None
 Call Imp                 Summ           ###.....     22%         2    None
 Dazzling Spray           Conj/Hex       ###...       36%         3    ##.....
 Inner Flame              Hex/Fire       ###.....     36%         3    ##.....
 Spectral Weapon          Hex/Chrm       ###.....     36%         3    ##.....
 Call Canine Familiar     Summ           ###.....     41%         3    ##.....
 Animate Skeleton         Necr           N/A          69%         1    None
 Flame Tongue             Conj/Fire      #....        69%         1    None
 Infusion                 Chrm           #...         69%         1    None
 Magic Dart               Conj           #...         69%         1    None
 Pain                     Necr           #...         69%         1    None
 Sandblast                Erth           #.....       69%         1    None
 Shock                    Conj/Air       #...         69%         1    None
 Sting                    Conj/Pois      #...         69%         1    None
 Force Lance              Conj/Tloc      ###.....     77%         4    ####...
 Fulminant Prism          Conj/Hex       ###.......   77%         4    ####...
 Leda's Liquefaction      Hex/Erth       ###.......   77%         4    ####...
 Summon Mana Viper        Hex/Summ       ###.....     80%         5    #####..
 Corpse Rot               Necr           N/A          83%         2    None
 Poisonous Vapours        Pois/Air       #.....       83%         2    None
 Searing Ray              Conj           #.....       83%         2    None
 Song of Slaying          Chrm           #.......     83%         2    None
 Sticks to Snakes         Tmut           #.......     83%         2    None
 Throw Flame              Conj/Fire      #.....       83%         2    None
 Darkness                 Hex            ####......   94%         6    #######
 Dispersal                Tloc           ####......   94%         6    #######
 Invisibility             Hex            ####....     94%         6    #######
 Conjure Flame            Conj/Fire      #.......     96%         3    ##.....
 Ignite Poison            Fire/Tmut/Pois #.......     96%         3    ##.....
 Mephitic Cloud           Conj/Pois/Air  #.......     96%         3    ##.....
 Static Discharge         Conj/Air       #.......     96%         3    ##.....
 Stone Arrow              Conj/Erth      #.....       96%         3    ##.....
 Vampiric Draining        Necr           #.........   96%         3    ##.....
 Summon Ice Beast         Ice/Summ       ##......     98%         4    ####...
 Summon Lightning Spire   Summ/Air       ##......     98%         4    ####...
 Metabolic Englaciation   Hex/Ice        ###.......   98%         5    #####..
 Silence                  Hex/Air        ###.......   98%         5    #####..
 Yara's Violent Unravell  Hex/Tmut       ###.......   98%         5    #####..
 Aura of Abjuration       Summ           ###.......   99%         5    #####..
 Airstrike                Air            #.........   100%        4    ####...
 Animate Dead             Necr           N/A          100%        4    ####...
 Ice Form                 Ice/Tmut       #.......     100%        4    ####...
 Iskenderun's Mystic Bla  Conj           #.......     100%        4    ####...
 Olgreb's Toxic Radiance  Pois           #.......     100%        4    ####...
 Petrify                  Tmut/Erth      #.......     100%        4    ####...
 Sticky Flame             Conj/Fire      #.......     100%        4    ####...
 Agony                    Necr           #.......     100%        5    #####..
 Alistair's Intoxication  Tmut/Pois      #.......     100%        5    #####..
 Bolt of Draining         Conj/Necr      #.........   100%        5    #####..
 Bolt of Magma            Conj/Fire/Erth #.........   100%        5    #####..
 Borgnjor's Vile Clutch   Necr/Erth      #.........   100%        5    #####..
 Dispel Undead            Necr           #.......     100%        5    #####..
 Excruciating Wounds      Chrm/Necr      #.........   100%        5    #####..
 Fireball                 Conj/Fire      #.........   100%        5    #####..
 Irradiate                Conj/Tmut      #.........   100%        5    #####..
 Iskenderun's Battlesphe  Conj/Chrm      #.......     100%        5    #####..
 Lee's Rapid Deconstruct  Erth           #.........   100%        5    #####..
 Lightning Bolt           Conj/Air       #.........   100%        5    #####..
 Venom Bolt               Conj/Pois      #.........   100%        5    #####..
 Bolt of Cold             Conj/Ice       #.........   100%        6    #######
 Bolt of Fire             Conj/Fire      #.........   100%        6    #######
 Conjure Ball Lightning   Conj/Air       #.........   100%        6    #######
 Death Channel            Necr           #.........   100%        6    #######
 Deflect Missiles         Chrm/Air       #.........   100%        6    #######
 Freezing Cloud           Conj/Ice/Air   #.........   100%        6    #######
 Hydra Form               Tmut           #.........   100%        6    #######
 Iron Shot                Conj/Erth      #.........   100%        6    #######
 Ozocubu's Refrigeration  Ice            #.........   100%        6    #######
 Poison Arrow             Conj/Pois      #.........   100%        6    #######
 Shadow Creatures         Summ           N/A          100%        6    #######
 Simulacrum               Ice/Necr       #.........   100%        6    #######
 Statue Form              Tmut/Erth      #........    100%        6    #######
 Dragon Form              Tmut           #.........   100%        7    #######
 Haunt                    Necr/Summ      ##........   100%        7    #######
 Malign Gateway           Summ/Tloc      ###.......   100%        7    #######
 Monstrous Menagerie      Summ           ###.......   100%        7    #######
 Orb of Destruction       Conj           #.........   100%        7    #######
 Ring of Flames           Chrm/Fire      #.........   100%        7    #######
 Spellforged Servitor     Conj/Summ      ##........   100%        7    #######
 Summon Greater Demon     Summ           ###.......   100%        7    #######
 Summon Hydra             Summ           ###.......   100%        7    #######
 Borgnjor's Revivificati  Necr           #.........   100%        8    #######
 Chain Lightning          Conj/Air       #.........   100%        8    #######
 Controlled Blink         Tloc           N/A          100%        8    #######
 Death's Door             Chrm/Necr      #.........   100%        8    #######
 Disjunction              Tloc           ####......   100%        8    #######
 Ignition                 Fire           #.........   100%        8    #######
 Infestation              Necr           #.........   100%        8    #######
 Lehudib's Crystal Spear  Conj/Erth      #.........   100%        8    #######
 Necromutation            Tmut/Necr      #.........   100%        8    #######
 Summon Horrible Things   Summ           ###.......   100%        8    #######
 Fire Storm               Conj/Fire      #.........   100%        9    #######
 Glaciate                 Conj/Ice       #.........   100%        9    #######
 Tornado                  Air            #.........   100%        9    #######


Dungeon Overview and Level Annotations

Branches:
Dungeon (15/15)            Temple (1/1) D:6            Lair (6/6) D:10
  Swamp (4/4) Lair:2       Spider (4/4) Lair:3        Slime (5/5) Lair:5
    Orc (2/2) D:9             Elf (3/3) Orc:2        Vaults (5/5) D:13
  Crypt (3/3) Vaults:2       Tomb (3/3) Crypt:3      Depths (5/5) D:15
   Hell (1/1)                 Dis (7/7) Hell            Geh (7/7) Hell
    Coc (7/7) Hell            Tar (7/7) Hell            Zot (5/5) Depths:5

Altars:
Dithmenos
Elyvilon
Fedhas
Gozag
Hepliaklqana
Kikubaaqudgha
Okawaru
Qazlal
Ru
Sif Muna
Uskayaw
Vehumet
Xom
Yredelemnul
The Shining One
Jiyva

Shops:
D:6 %   Orc:1 *   Orc:2 ([*=   Elf:1 ?*   Vaults:3 ?   Vaults:5 %
Depths:2 [?=%   Depths:4 =}=

Portals:
Hell: Depths:1 Depths:2 Depths:3 Depths:4 Depths:5
Abyss: Depths:2 Depths:4
Pandemonium: Depths:3

Annotations:
Depths:1 3 runed translucent doors, floatboth's ghost, adept TeAE
Depths:2 2 transporters
Zot:2 2 runed translucent doors, Infinimo's ghost, legendary GrGl


Innate Abilities, Weirdness & Mutations

You have hooves in place of feet.
Armour fits poorly on your strangely shaped body.
You cover ground very quickly.
You have extremely tough skin. (AC +3)
Your body sometimes deteriorates upon taking damage.
You are dopey. (Int -2)


Message History

Aiming: Dig
Press: ? - help, Shift-Dir - straight line A rock wall.
This square is lit by a halo and is covered in magical glow.
The rock shatters into small pieces.
You feel very buoyant.
You fly up into the air.
Really attack while wielding your +9 longbow of holy wrath? [Y]es or [N]o only, please.
Really attack while wielding your +9 longbow of holy wrath?
Okay, then.
There is an open gate here.
Evoke which item? (* to show all) (? for menu, Esc to quit)
Aiming: Dig
Press: ? - help, Shift-Dir - straight line This square is lit by a halo and is covered in magical glow.
The rock shatters into small pieces.
You are starting to lose your buoyancy.
There is a staircase leading out of the dungeon here.
You have escaped!

##.##.######.### #############.
#.)..........#♣#♣♣ #...≈≈≈≈...##.
##.##.########.'.♣♣#..........##)
#.##.# #.#♣.♣#..........#8.
#.##.# #.#♣.♣#.......(..'..
#.##.# #.#♣♣.'..........'..
#.##.# #'#####..........'..
#.##.# #.....#..........#8.
#.##.# #..@..#..........###
#.##.# #.........≈≈≈≈...# #
#.##.# #########.##############
#.##.# #.......................
#.##.# #######.###############.
#.##.# #.# ########. #.##.# ##
#........
#.##.###################.#####..
#.##.##.........................


There were no monsters in sight!

Vanquished Creatures
  Cerebov (Pan)
  Antaeus (Coc:7)
  the Royal Jelly (Slime:5)
  Ereshkigal (Tar:7)
  Gloorx Vloq (Pan)
  Lom Lobon (Pan)
  Mnoleg (Pan)
  the Serpent of Hell (Geh:7)
  3 orbs of fire
  Khufu (Crypt:3)
  9 ancient liches
  Mennas (Depths:4)
  40 greater mummies
  The ghost of MackTheFife the End of an Era, a veteran HOGl of Qazlal (Vaults:2)
  9 shard shrikes
  Frederick (Vaults:4)
  Boris (5 times) (Depths:5 Crypt:1 Crypt:2 Tomb:1 Tomb:3)
  11 Killer Klowns
  Saint Roka (Crypt:3)
  Xtahua (Vaults:2)
  2 curse toes
  Geryon (Hell)
  The ghost of Caat Rau the Warrior, an adept DgCj (Depths:4)
  13 golden dragons
  A mutant beast (WizLab)
  7 pandemonium lords (Pan)
  5 bone dragons
  A hellephant (Pan)
  6 doom hounds
  The ghost of Kucw the Warrior, an adept GrFi of Cheibriados (Crypt:1)
  2 electric golems (Zot:5)
  19 Tzitzimimeh
  15 tentacled monstrosities
  21 Brimstone Fiends
  Jorgrun (Swamp:1)
  An iron giant (Dis:7)
  Rupert (D:15)
  A shard shrike skeleton (Crypt:1)
  11 Hell Sentinels
  11 Ice Fiends
  26 Orb Guardians
  12 deep elf blademasters
  7 liches
  Asterion (Elf:1)
  9 quicksilver dragons
  17 sphinxes
  9 deep elf master archers
  13 titans
  21 acid blobs
  Frances (Swamp:2)
  19 Executioners
  An eldritch tentacle (Tar:7)
  8 death cobs
  3 thorn hunters
  14 ancient champions
  7 warmongers (Pan)
  11 revenants
  Donald (Elf:2)
  23 storm dragons
  5 draconian monks
  24 fire giants
  14 shadow dragons
  2 nagarajas (Zig:14)
  6 tengu reavers
  13 azure jellies
  Roxanne (Spider:4)
  10 draconian knights
  9 deep elf sorcerers
  22 frost giants
  17 ghost moths
  9 vault wardens
  7 emperor scorpions
  10 draconian scorchers
  18 cacodemons
  An orc warlord (Orc:2)
  6 iron dragons
  34 balrugs
  2 caustic shrike zombies
  4 corrupters (Pan)
  9 deep elf elementalists
  4 curse skulls
  8 ironheart preservers
  4 ghouls
  11 draconian annihilators
  43 reapers
  59 very ugly things
  2 spriggan defenders (Depths:4)
  The ghost of Sicoupnahi the Bludgeoner, a journeyman GrFi of Okawaru (Spider:3)
  2 caustic shrike skeletons (Zig:13)
  32 stone giants
  2 draconian stormcallers
  7 draconian shifters
  12 war gargoyles
  2 elemental wellsprings (Coc:7)
  9 blood saints (Pan)
  9 deep elf demonologists
  8 vampire knights
  8 black suns (Pan)
  2 bennus (Tomb:2)
  6 entropy weavers
  10 green draconians
  12 deep elf annihilators
  7 lorocyprocas
  17 black draconians
  A dire elephant (Lair:6)
  11 purple draconians
  12 white draconians
  5 spark wasps
  Azrael (D:15)
  15 yellow draconians
  14 red draconians
  The ghost of Sadonosm the Carver, a journeyman DgSk (Lair:3)
  13 deep elf death magi
  16 death oozes
  13 fire dragons
  7 eidola
  26 blizzard demons
  4 crystal guardians
  2 kraken zombies
  5 jiangshi (Crypt:2)
  14 green deaths
  4 merfolk impalers (Depths:2)
  4 quicksilver dragon zombies
  13 great orbs of eyes
  22 mummy priests
  9 ettins
  20 yaktaur captains
  Harold (D:7)
  5 deep elf high priests
  27 hydras
  3 quicksilver dragon skeletons
  6 rakshasas
  3 ghost crabs
  3 shambling mangroves
  2 naga warriors (Zig:14)
  31 vault guards
  5 spriggan air magi
  8 monstrous demonspawn (Pan)
  4 hell beasts
  4 anacondas (Zig:14)
  27 ice dragons
  3 catoblepae
  14 centaur warriors
  4 death knights
  46 dancing weapons
  9 death yaks
  25 two-headed ogres
  7 ogre magi
  Erica (Lair:1)
  11 alligators
  7 tengu warriors
  97 death scarabs
  41 hell hogs
  6 deep troll earth magi
  6 deep troll shamans
  A spectral storm dragon (Crypt:1)
  11 vampire magi
  10 titan zombies
  3 orc high priests (Orc:2)
  3 thrashing horrors
  3 shock serpents (shapeshifter)
  46 deep elf knights
  A naga sharpshooter (Zig:14)
  9 spriggan berserkers
  A shock serpent (Zig:14)
  5 storm dragon zombies
  37 hell knights
  2 titan skeletons
  3 iron trolls
  54 sun demons
  A fire crab (shapeshifter) (WizLab)
  18 shadow wraiths
  6 iron golems
  33 soul eaters
  3 wretched stars
  3 ghost moth zombies
  2 salamander mystics (Depths:3)
  A sea snake (shapeshifter) (Crypt:2)
  22 sixfirhies (Pan)
  A spark wasp zombie (Crypt:2)
  133 skeletal warriors
  A golden dragon zombie (Crypt:3)
  12 deep trolls
  15 flayed ghosts
  9 gelid demonspawn (Pan)
  5 storm dragon skeletons
  A spriggan druid (Swamp:2)
  5 anaconda zombies
  4 unseen horrors
  14 wizards
  23 shadow demons
  A deep troll (shapeshifter) (WizLab)
  9 glowing orange brains
  5 torturous demonspawn (Pan)
  An unseen horror (shapeshifter) (WizLab)
  12 swamp dragons
  4 infernal demonspawn (Pan)
  3 orange crystal statues
  The ghost of SharpKris the Skirmisher, a novice NaFi (D:5)
  8 harpies
  Pikel (D:7)
  A naga ritualist (Zig:14)
  3 anaconda skeletons
  38 deep elf archers
  5 obsidian statues
  13 phantasmal warriors
  A lindwurm (shapeshifter) (Zot:2)
  17 necromancers
  13 ironbrand convokers
  A spectral iron dragon (Crypt:1)
  88 deep elf magi
  5 iron dragon zombies
  2 mana vipers (Zig:14)
  4 wolf spider zombies
  4 lindwurms
  6 golden dragon skeletons
  2 sphinx zombies (Zig:7)
  A tengu skeleton (Zig:8)
  16 orc knights
  A shining eye (shapeshifter) (WizLab)
  20 orb spiders
  4 stone giant zombies
  An orb spider (shapeshifter) (Zot:2)
  7 orc sorcerers
  28 wolf spiders
  A shining eye (Pan)
  2 shadow dragon skeletons (Tar:2)
  10 salamanders
  8 cyclopes
  15 manticores
  2 salamanders (shapeshifter)
  45 ugly things
  6 fire giant zombies
  A faun (shapeshifter) (WizLab)
  A worldbinder (Abyss:3)
  5 frost giant zombies
  5 elephants
  3 centaur zombies
  4 shock serpent zombies
  19 black mambas
  37 moths of wrath
  3 stone giant skeletons
  4 guardian serpents (Zig:14)
  A fire giant skeleton (Tar:7)
  21 rust devils
  3 dire elephant zombies
  4 iron dragon skeletons
  Joseph (Lair:1)
  A water nymph (shapeshifter) (Zig:11)
  A black mamba (shapeshifter) (WizLab)
  2 apocalypse crabs (Abyss:3)
  3 naga magi (Zig:14)
  An emperor scorpion zombie (Abyss:3)
  27 smoke demons
  9 vault sentinels
  15 molten gargoyles
  3 frost giant skeletons
  21 spiny frogs
  A gargoyle (D:14)
  An eye of devastation (Slime:5)
  5 spectral swamp worms (Depths:3)
  3 dire elephant skeletons
  A minotaur zombie (Crypt:1)
  8 ice statues
  2 elf zombies
  31 orange demons
  54 yaktaurs
  2 spiny frogs (shapeshifter)
  48 hellions
  A spriggan zombie (Zig:4)
  4 shock serpent skeletons
  2 torpor snails
  A kobold demonologist (D:14)
  37 ice devils
  3 rime drakes
  A komodo dragon (shapeshifter) (WizLab)
  7 komodo dragons
  26 demonic crawlers
  13 efreet
  3 yaktaurs (shapeshifter)
  29 freezing wraiths
  2 catoblepas skeletons
  37 red devils
  A queen bee (shapeshifter) (WizLab)
  38 tormentors
  54 guardian mummies
  6 ancient zymes
  11 tyrant leeches
  A silent spectre (Tar:2)
  6 trolls
  A minotaur skeleton (Pan)
  7 hydra zombies
  10 hellwings (Pan)
  A spectral harpy (Crypt:1)
  2 tengu conjurers
  20 jumping spiders
  A merfolk (shapeshifter) (Depths:4)
  A shadow dragon simulacrum (Hell)
  2 harpy zombies
  A troll (shapeshifter) (WizLab)
  2 hornets (shapeshifter)
  A wind drake (shapeshifter) (WizLab)
  A polar bear (shapeshifter) (Depths:1)
  A wolf spider simulacrum (Crypt:1)
  29 hornets
  14 blink frogs
  3 harpy skeletons
  5 raiju (Abyss:3)
  7 bog bodies
  4 ettin zombies
  3 fire dragon zombies
  14 dream sheep
  A frost giant simulacrum (Vaults:4)
  3 ice dragon zombies
  100 slime creatures
  5 hippogriffs (shapeshifter)
  4 hydra skeletons
  5 alligator zombies
  112 flying skulls
  8 hippogriffs
  7 air elementals
  45 redbacks
  6 ice dragon skeletons
  4 spriggan skeletons
  2 black mamba zombies
  An elf skeleton (Zig:12)
  2 yaks (shapeshifter)
  14 spriggans
  11 starcursed masses (Abyss:3)
  6 ettin skeletons
  20 water elementals
  3 alligator skeletons
  14 ushabtiu
  30 tarantellas
  25 shadows
  46 yaks
  2 wyverns
  18 ynoxinuls
  24 fire elementals
  A human (shapeshifter) (WizLab)
  7 fire dragon skeletons
  17 wraiths
  2 black mamba skeletons
  A golden eye (shapeshifter) (WizLab)
  4 basilisks
  7 fire bats
  34 neqoxecs
  5 golden eyes
  16 vampire mosquitoes
  17 chaos spawn
  3 hungry ghosts
  2 emperor scorpion simulacra
  4 wargs
  4 human simulacra
  A harpy simulacrum (Crypt:1)
  An insubstantial wisp (Crypt:2)
  55 large abominations
  12 swamp worms
  9 porcupines
  A soldier ant (D:14)
  4 acid dragons
  4 nagas (Zig:14)
  An acid dragon (shapeshifter) (Elf:3)
  3 hydra simulacra
  A faun zombie (Crypt:1)
  2 merfolk zombies
  5 spiny frog zombies
  2 merfolk skeletons
  31 hell hounds
  A spectral snapping turtle (Crypt:1)
  18 small abominations
  11 water moccasins
  A water nymph skeleton (Crypt:2)
  9 sky beasts
  12 swamp drakes
  A black bear (shapeshifter) (WizLab)
  A torturous demonspawn skeleton (Geh:7)
  6 floating eyes
  A floating eye (shapeshifter) (WizLab)
  A hornet zombie (Crypt:1)
  25 necrophages
  57 orc warriors
  3 snapping turtle zombies
  2 slaves (D:7)
  4 phantoms
  3 spiny frog skeletons
  7 eyes of draining
  An eye of draining (shapeshifter) (Vaults:1)
  A swamp dragon zombie (Tar:1)
  An ice dragon simulacrum (Hell)
  25 ogres
  15 wolves
  7 ice beasts
  A hog zombie (Crypt:1)
  4 human skeletons
  21 boggarts
  32 centaurs
  A manticore skeleton (Hell)
  3 snapping turtle skeletons
  8 crocodiles
  A crocodile (shapeshifter) (Vaults:2)
  A rime drake zombie (Crypt:2)
  A human zombie (Vaults:4)
  13 big kobolds
  12 bullfrogs
  6 earth elementals
  8 gnoll sergeants
  2 spiny frog simulacra (Crypt:1)
  A wyvern skeleton (D:6)
  A komodo dragon skeleton (Crypt:2)
  5 scorpions
  A water moccasin skeleton (D:9)
  A warg zombie (Crypt:2)
  35 wights
  4 electric eels
  A swamp dragon simulacrum (Crypt:1)
  3 howler monkeys
  5 lava snakes (Lair:4)
  7 crimson imps
  2 bullfrog zombies (D:7)
  A draconian simulacrum (IceCv)
  A demonspawn zombie (Crypt:1)
  8 hounds
  16 jellies
  A quasit (D:3)
  Crazy Yiuf (D:7)
  A centaur skeleton (D:7)
  27 orc priests
  A bullfrog skeleton (D:6)
  23 orc wizards
  A gnoll shaman (D:5)
  2 iron imps
  6 iguanas
  11 worker ants
  5 troll simulacra
  9 hell rats
  2 spriggan simulacra (IceCv)
  3 polar bear simulacra (Lair:3)
  2 wolf simulacra (Lair:3)
  A yak simulacrum (Lair:3)
  A porcupine skeleton (Crypt:1)
  2 ogre zombies
  An acid dragon zombie (Crypt:2)
  An ogre skeleton (Tomb:1)
  A hound zombie (D:11)
  61 mummies
  20 gnolls
  A gnoll (shapeshifter) (D:14)
  2 naga simulacra (IceCv)
  14 adders
  An ogre simulacrum (IceCv)
  6 river rats (Lair:2)
  10 shadow imps
  21 white imps
  An ufetubus (Pan)
  10 oozes
  An adder zombie (D:8)
  2 adder skeletons
  7 ball lightnings (Pan)
  3 dart slugs
  4 worms
  9 leopard geckos
  92 orcs
  2 ball pythons
  8 giant cockroaches
  11 goblins
  9 hobgoblins
  15 jackals
  25 kobolds
  7 quokkas
  5 bats
  3 frilled lizards
  A leopard gecko skeleton (D:5)
  An orc skeleton (Crypt:3)
  7 rats
  3 river rat simulacra (Lair:3)
  4 fire vortices (Pan)
  A fungus (Lair:6)
  A lurking horror (Abyss:3)
  A plant (Depths:4)
  8 tentacles
4905 creatures vanquished.

Vanquished Creatures (collateral kills)
  Asmodeus (Geh:7)
  Dispater (Dis:7)
  A Brimstone Fiend (Pan)
  2 balrugs (Pan)
  3 cacodemons (Pan)
  3 very ugly things (Pan)
  A great orb of eyes (Pan)
  3 sixfirhies (Pan)
  An iron dragon zombie (Dis:7)
  2 large abominations (Pan)
  An orange demon (Pan)
  5 red devils (Pan)
  A ynoxinul (Pan)
  2 neqoxecs (Pan)
27 creatures vanquished.

Vanquished Creatures (others)
  2 eldritch tentacles
  An ancient champion (Dis:7)
  A nagaraja (Zig:14)
  2 ghost moths
  A war gargoyle (Dis:7)
  A white draconian (Zot:2)
  A blizzard demon (Coc:7)
  An ice dragon (Coc:7)
  A hell hog (Geh:7)
  A shock serpent (Zig:14)
  3 deep elf knights
  A hell knight (Hell)
  A spark wasp zombie (Zig:7)
  A shadow wraith (Vaults:2)
  A deep elf archer (Vaults:3)
  A deep elf mage (Crypt:1)
  2 molten gargoyles (Geh:7)
  A hydra zombie (Coc:7)
  A flying skull (Geh:4)
  2 water elementals
  A basilisk (shapeshifter) (WizLab)
  An ice beast (Coc:1)
  A swamp dragon zombie (Geh:3)
  A centaur zombie (Geh:7)
  A white imp (Coc:7)
  3 ball lightnings
  2 river rat simulacra (Lair:3)
  2 bushes (Lair:6)
  4 fire vortices (Pan)
  20 fungi
  16 plants
  2 starspawn tentacles (Abyss:2)
  11 tentacles
  8 withered plants (Swamp:1)
99 creatures vanquished.

Grand Total: 5031 creatures vanquished

Notes
Turn   | Place    | Note
-------+----------+-------------------------------------------
     0 | D:1      | EnegeticOcto the Centaur Wanderer began the quest for the
                  | Orb.
     0 | D:1      | EnegeticOcto set off with the following items: a +2
                  | shortbow, 22 arrows, a +0 hand crossbow, 19 bolts, a +0
                  | ring mail, a ration
     0 | D:1      | Reached XP level 1. HP: 19/19 MP: 1/1
   147 | D:1      | Reached XP level 2. HP: 26/26 MP: 2/2
   691 | D:1      | Reached XP level 3. HP: 30/33 MP: 3/3
  1697 | D:2      | Reached XP level 4. HP: 41/41 MP: 4/4
  1720 | D:2      | Reached skill level 5 in Fighting
  2054 | D:3      | Reached XP level 5. HP: 43/50 MP: 5/5
  2203 | D:3      | Found an ancient bone altar of Kikubaaqudgha.
  2756 | D:4      | Reached XP level 6. HP: 58/58 MP: 6/6
  3187 | D:5      | Entered Level 5 of the Dungeon
  3212 | D:5      | Found a glowing golden altar of the Shining One.
  3431 | D:5      | Reached XP level 7. HP: 68/68 MP: 7/7
  3565 | D:5      | Found a runed translucent gate.
  3567 | D:5      | Found a runed translucent gate.
  3567 | D:5      | Noticed SharpKris's ghost (novice NaFi)
  3568 | D:5      | Found a runed translucent gate.
  3569 | D:5      | Identified the +7 dagger of Urhyn {chaos, *Corrode rElec
                  | Int+4 Dex+6}
  4093 | D:6      | Found a staircase to the Ecumenical Temple.
  4098 | Temple   | Entered the Ecumenical Temple
  4111 | Temple   | Became a worshipper of Warmaster Okawaru
  4205 | D:6      | Found Viguis's Food Shop.
  4273 | D:6      | Reached XP level 8. HP: 78/78 MP: 8/8
  4461 | D:6      | Found an opulent altar of Gozag.
  4489 | D:6      | Reached * piety under Okawaru
  4772 | D:6      | Reached skill level 10 in Fighting
  4772 | D:6      | Reached skill level 5 in Bows
  5186 | D:7      | Reached ** piety under Okawaru
  5217 | D:7      | Found a radiant altar of Vehumet.
  5236 | D:7      | Noticed Harold
  5270 | D:7      | Killed Harold
  5270 | D:7      | Reached *** piety under Okawaru
  5270 | D:7      | Received a gift from Okawaru
  5270 | D:7      | Reached XP level 9. HP: 40/85 MP: 9/9
  5460 | D:7      | Noticed Pikel
  5485 | D:7      | Killed Pikel
  5629 | D:7      | Found a runed translucent door.
  5630 | D:7      | Noticed Crazy Yiuf
  6100 | D:7      | Killed Crazy Yiuf
  6155 | D:8      | Found a white marble altar of Elyvilon.
  6166 | D:8      | Reached skill level 1 in Dodging
  6322 | D:8      | Reached XP level 10. HP: 87/94 MP: 10/10
  6344 | D:8      | Found a hide-covered altar of Uskayaw.
  6390 | D:8      | Found a shadowy altar of Dithmenos.
  6491 | D:8      | Reached **** piety under Okawaru
  6695 | D:9      | Found a staircase to the Orcish Mines.
  7034 | D:9      | Received a gift from Okawaru
  7239 | D:9      | Found a shimmering altar of Xom.
  7261 | D:9      | Reached ***** piety under Okawaru
  7585 | D:10     | Entered Level 10 of the Dungeon
  7876 | D:10     | Found a staircase to the Lair.
  8028 | D:10     | Received a gift from Okawaru
  8128 | D:10     | Reached XP level 11. HP: 73/102 MP: 11/11
  8139 | D:10     | Reached skill level 1 in Invocations
  8242 | D:10     | Reached skill level 5 in Armour
  9170 | Lair:1   | Entered Level 1 of the Lair of Beasts
  9215 | Lair:1   | Received a gift from Okawaru
  9314 | Lair:1   | Noticed Joseph
  9329 | Lair:1   | Killed Joseph
  9481 | Lair:1   | Received a gift from Okawaru
  9512 | Lair:1   | Noticed a seven-headed hydra
  9545 | Lair:1   | Killed a seven-headed hydra
  9814 | Lair:1   | Received a gift from Okawaru
 10048 | Lair:1   | Noticed Erica
 10058 | Lair:1   | Killed Erica
 10058 | Lair:1   | Reached skill level 5 in Dodging
 10544 | Lair:2   | Reached skill level 5 in Invocations
 10607 | Lair:2   | Received a gift from Okawaru
 10980 | Lair:2   | Found a staircase to the Swamp.
 11026 | Lair:2   | Received a gift from Okawaru
 11043 | Lair:2   | Reached XP level 12. HP: 100/112 MP: 16/16
 11066 | Lair:2   | Received a gift from Okawaru
 11077 | Lair:2   | Noticed a six-headed hydra
 11117 | Lair:2   | Killed a six-headed hydra
 11117 | Lair:2   | Reached skill level 15 in Bows
 11748 | Lair:3   | Found a runed translucent door.
 11748 | Lair:3   | Noticed Sadonosm's ghost (journeyman DgSk)
 11803 | Lair:3   | Noticed a death yak
 12178 | Lair:3   | Noticed a death yak
 12182 | Lair:3   | Noticed a death yak
 12185 | Lair:3   | Noticed a death yak
 12187 | Lair:3   | Noticed a death yak
 12193 | Lair:3   | Killed a death yak
 12195 | Lair:3   | Noticed a death yak
 12234 | Lair:3   | Killed a death yak
 12234 | Lair:3   | Reached ****** piety under Okawaru
 12248 | Lair:2   | Killed a death yak
 12248 | Lair:2   | Received a gift from Okawaru
 12417 | Lair:2   | Killed a death yak
 12437 | Lair:2   | Killed a death yak
 12437 | Lair:2   | Received a gift from Okawaru
 12521 | Lair:3   | Killed a death yak
 12645 | Lair:3   | Identified a scroll of acquirement
 12950 | Lair:3   | Found a hole to the Spider Nest.
 13035 | Lair:3   | Found a transporter.
 13072 | Lair:3   | Found a transporter.
 13461 | Lair:4   | Found a frozen archway.
 13510 | IceCv    | Entered an ice cave
 13530 | IceCv    | Reached XP level 13. HP: 122/122 MP: 19/19
 14774 | Lair:5   | Found a staircase to the Slime Pits.
 14774 | Lair:5   | Found a viscous altar of Jiyva.
 15611 | Lair:6   | Entered Level 6 of the Lair of Beasts
 15681 | Lair:5   | Received a gift from Okawaru
 16335 | Lair:6   | Noticed a dire elephant
 16423 | Lair:6   | Killed a dire elephant
 16423 | Lair:6   | Reached skill level 15 in Fighting
 16547 | Lair:6   | Received a gift from Okawaru
 16768 | Lair:6   | Reached XP level 14. HP: 135/135 MP: 20/20
 17053 | Lair:6   | Received a gift from Okawaru
 17064 | Lair:6   | Got a pair of fine gloves {god gift}
 17065 | Lair:6   | Identified the +0 pair of gloves of Taimmat {+Fly rPois
                  | Str-5 Dex+4} (Okawaru gifted it to you on level 6 of the
                  | Lair of Beasts)
 17725 | D:11     | Got a pair of ancient gloves
 17726 | D:11     | Identified the cursed +0 pair of gloves of Articulation
                  | {Int+7 Dex+3 Stlth+} (You found it on level 11 of the
                  | Dungeon)
 20147 | D:13     | Found a gate to the Vaults.
 20169 | D:13     | Found a blossoming altar of Fedhas.
 20934 | D:14     | Received a gift from Okawaru
 21525 | D:15     | Entered Level 15 of the Dungeon
 21624 | D:15     | Noticed Azrael
 21653 | D:15     | Killed Azrael
 21653 | D:15     | Reached XP level 15. HP: 75/145 MP: 21/21
 22455 | D:15     | Found a staircase to the Depths.
 22827 | D:15     | Noticed Rupert
 22853 | D:15     | Killed Rupert
 22949 | D:15     | Found the +8 storm bow {elec}
 23199 | Orc:1    | Entered Level 1 of the Orcish Mines
 23247 | Orc:1    | Found Qupa's Assorted Antiques.
 23268 | Orc:1    | Bought a scorched chain mail for 285 gold pieces
 23268 | Orc:1    | Identified the +8 chain mail "Miepn" {*Drain *Slow +Blink
                  | Int+5} (You bought it in a shop on level 1 of the Orcish
                  | Mines)
 23705 | Orc:2    | Entered Level 2 of the Orcish Mines
 23707 | Orc:2    | Received a gift from Okawaru
 23871 | Orc:2    | Noticed an orc warlord
 23892 | Orc:2    | Received a gift from Okawaru
 23902 | Orc:2    | Killed an orc warlord
 24240 | Orc:2    | Found Icoudy's Antique Armour Emporium.
 24246 | Orc:2    | Found Viywuoq's General Store.
 24246 | Orc:2    | Found Ingemif's Jewellery Shoppe.
 24310 | Orc:2    | Found Xolagruje's Antique Weapon Emporium.
 24324 | Orc:2    | Bought a potion of lignification for 39 gold pieces
 24324 | Orc:2    | Bought a potion of lignification for 39 gold pieces
 24431 | Orc:2    | Found a staircase to the Elven Halls.
 24918 | Swamp:1  | Entered Level 1 of the Swamp
 24957 | Swamp:1  | Noticed Jorgrun
 24971 | Swamp:1  | Killed Jorgrun
 25169 | Swamp:1  | Received a gift from Okawaru
 25172 | Swamp:1  | Identified the +3 glaive of the Illusory Stories {chop,
                  | *Contam rC+ Int+3} (Okawaru gifted it to you on level 1 of
                  | the Swamp)
 25209 | Swamp:1  | Got a transparent amber ring
 25527 | Swamp:1  | Noticed a thorn hunter
 25544 | Swamp:1  | Killed a thorn hunter
 26004 | Swamp:2  | Noticed Frances
 26099 | Swamp:2  | Got a shimmering crystal plate armour
 26110 | Swamp:2  | Identified the +13 crystal plate armour "Kearuan" {rN+
                  | Slay+3} (You acquired it on level 2 of the Swamp)
 26162 | Swamp:2  | Killed Frances
 26162 | Swamp:2  | Received a gift from Okawaru
 26162 | Swamp:2  | Reached XP level 16. HP: 136/157 MP: 22/22
 26554 | Swamp:2  | Identified the cursed ring "Ratez" {rF+ Str+3 Int-2 Dex+4}
                  | (You found it on level 1 of the Swamp)
 26655 | Swamp:2  | Found an opulent altar of Gozag.
 26962 | Swamp:2  | Received a gift from Okawaru
 27097 | Swamp:3  | Noticed a thorn hunter
 27104 | Swamp:3  | Killed a thorn hunter
 27104 | Swamp:3  | Received a gift from Okawaru
 27248 | Swamp:3  | Received a gift from Okawaru
 27260 | Swamp:3  | Got a bloodstained plate armour {god gift}
 27267 | Swamp:2  | Identified the +2 plate armour of the Beggar {+Fly Str+7
                  | Slay+6} (Okawaru gifted it to you on level 3 of the Swamp)
 27378 | Swamp:3  | Noticed a thorn hunter
 27384 | Swamp:3  | Killed a thorn hunter
 27604 | Swamp:3  | Found a stormy altar of Qazlal.
 27949 | Swamp:4  | Entered Level 4 of the Swamp
 28396 | Swamp:4  | Got a decaying rune of Zot
 28939 | Spider:1 | Entered Level 1 of the Spider Nest
 28969 | Spider:1 | Received a gift from Okawaru
 29039 | Spider:1 | Reached XP level 17. HP: 166/166 MP: 23/23
 29311 | Spider:1 | Received a gift from Okawaru
 30326 | Spider:3 | Found a large runed translucent door.
 30326 | Spider:3 | Found a large runed translucent door.
 30723 | Spider:3 | Noticed Sicoupnahi's ghost (journeyman GrFi)
 31053 | Spider:3 | Killed Sicoupnahi's ghost
 31094 | Spider:4 | Entered Level 4 of the Spider Nest
 31154 | Spider:4 | Identified Roxanne's Reference Book on Transmutation
 31154 | Spider:4 | Noticed Roxanne
 31167 | Spider:4 | Killed Roxanne
 31225 | Spider:4 | Received a gift from Okawaru
 31239 | Spider:4 | Identified the +2 helmet "Luacik" {Slay+3} (Okawaru gifted
                  | it to you on level 4 of the Spider Nest)
 31300 | Spider:4 | Reached skill level 10 in Dodging
 31394 | Spider:4 | Reached skill level 10 in Armour
 31970 | Spider:4 | Reached skill level 10 in Invocations
 32717 | Spider:4 | Got an ancient granite ring
 32726 | Spider:4 | Got a gossamer rune of Zot
 33006 | Orc:2    | Bought the ring of Saxirr {+Fly rC++ Stlth+} for 705 gold
                  | pieces
 33167 | Vaults:1 | Entered Level 1 of the Vaults
 33207 | Vaults:1 | Received a gift from Okawaru
 33477 | Vaults:1 | Reached XP level 18. HP: 146/178 MP: 25/25
 34137 | Vaults:2 | Noticed Xtahua
 34143 | Vaults:2 | Killed Xtahua
 34477 | Vaults:2 | Received a gift from Okawaru
 35249 | Vaults:2 | Found a staircase to the Crypt.
 35447 | Vaults:2 | Identified the ring "Racrev" {+Fly rF+} (You found it on
                  | level 4 of the Spider Nest)
 35551 | Vaults:3 | Found Oroa's Magic Scroll Emporium.
 35608 | Vaults:3 | Found a magical portal.
 35629 | WizLab   | Entered Cigotuvi's Fleshworks
 36130 | WizLab   | Paralysed by a floating eye for 2 turns
 36161 | WizLab   | Found the -2 hat of the Alchemist {rElec rPois rF+ rC+ rN+
                  | MR+ rMut rCorr}
 36231 | WizLab   | Received a gift from Okawaru
 36277 | WizLab   | Identified Cigotuvi's Tome of Dark Shape Shifting
 37602 | Vaults:3 | Reached XP level 19. HP: 183/188 MP: 26/26
 37775 | Vaults:3 | Found a runed translucent door.
 37777 | Vaults:3 | Noticed MackTheFife's ghost (veteran HOGl)
 37822 | Vaults:3 | Received a gift from Okawaru
 38851 | Vaults:3 | Received a gift from Okawaru
 39571 | Vaults:3 | Got a steaming glass ring
 39579 | Vaults:3 | Identified the ring of Uskayaw's Benevolence {rPois rN++
                  | MR+ Str-4} (You found it on level 3 of the Vaults)
 39916 | Vaults:4 | Noticed Frederick
 39931 | Vaults:4 | Killed Frederick
 41803 | Lair:3   | Received a gift from Okawaru
 41822 | Lair:3   | Got an encrusted shortbow {god gift}
 41846 | Lair:3   | Identified the +3 shortbow "Guzaorao" {speed, +Inv Stlth+}
                  | (Okawaru gifted it to you on level 3 of the Lair of Beasts)
 41937 | Lair:3   | Killed Sadonosm's ghost
 42135 | D:5      | Killed SharpKris's ghost
 42299 | Elf:1    | Entered Level 1 of the Elven Halls
 42923 | Elf:1    | Received a gift from Okawaru
 42936 | Elf:1    | Reached XP level 20. HP: 195/198 MP: 27/27
 43061 | Elf:1    | Found Budas's Magic Scroll Boutique.
 43305 | Elf:1    | Received a gift from Okawaru
 43332 | Elf:1    | Noticed Asterion
 43524 | Elf:1    | Killed Asterion
 43557 | Elf:1    | Found Jady's General Store.
 43564 | Elf:1    | Bought a wand of digging (3) for 196 gold pieces
 43852 | Elf:2    | Received a gift from Okawaru
 44161 | Elf:2    | Found the ring of Phasing {EV+8}
 44440 | Elf:2    | Received a gift from Okawaru
 44493 | Elf:2    | Identified the +2 hat of the Vestibule of Hell {+Inv Dex+4
                  | Slay+2 Stlth+} (Okawaru gifted it to you on level 2 of the
                  | Elven Halls)
 44531 | Elf:2    | Noticed Donald
 44544 | Elf:2    | Killed Donald
 44560 | Elf:2    | Found a runed translucent gate.
 44566 | Elf:2    | Found a runed translucent gate.
 44566 | Elf:2    | Found a runed translucent gate.
 44854 | Elf:3    | Entered Level 3 of the Elven Halls
 45358 | Elf:3    | Received a gift from Okawaru
 45672 | Elf:2    | Received a gift from Okawaru
 46001 | Elf:3    | Received a gift from Okawaru
 46430 | Elf:2    | Reached XP level 21. HP: 199/209 MP: 28/28
 46494 | Elf:3    | Reached XP level 22. HP: 217/217 MP: 29/29
 46734 | Elf:3    | Identified the cursed +0 war axe "Conservator" {drain,
                  | *Drain rN+ SInv}
 46775 | Elf:3    | Identified the ring of Quula {Fire rPois Dex+4}
 46951 | Elf:3    | Identified the Catalogue of the Helpful Entourage
 47023 | Elf:3    | Identified the Guide on Confrontation
 47526 | Depths:1 | Entered Level 1 of the Depths
 47585 | D:15     | Received a gift from Okawaru
 47686 | D:15     | Got a crystal shortbow {god gift}
 47687 | D:15     | Identified the +6 shortbow "Onlenyob" {flame, rC+} (Okawaru
                  | gifted it to you on level 15 of the Dungeon)
 48268 | Depths:1 | Noticed floatboth's ghost (adept TeAE)
 48434 | Depths:1 | Found a runed translucent gate.
 48434 | Depths:1 | Found a runed translucent gate.
 48434 | Depths:1 | Found a runed translucent gate.
 48447 | Depths:1 | Received a gift from Okawaru
 48845 | Depths:1 | Received a gift from Okawaru
 49013 | Depths:1 | Got a slimy centaur barding {god gift}
 49072 | Depths:1 | Identified the +2 centaur barding of Hairiness {MR+ Str+4}
                  | (Okawaru gifted it to you on level 1 of the Depths)
 49133 | Depths:1 | Found a gateway to Hell.
 49914 | Depths:2 | Found a one-way gate to the infinite horrors of the Abyss.
 49918 | Depths:2 | Found a flickering gateway to a bazaar.
 49932 | Bazaar   | Entered a bazaar
 50152 | Bazaar   | Found Gewiopom's Jewellery Emporium.
 50202 | Bazaar   | Found Xuteciz's Magic Scroll Emporium.
 50249 | Bazaar   | Found Rintir's Gadget Boutique.
 50292 | Bazaar   | Found Ugiahap's Jewellery Emporium.
 50300 | Bazaar   | Bought the ring of the Disturbing Runes {EV+3 Dex+7} for
                  | 469 gold pieces
 50695 | Depths:2 | Found Guqenoevvi's Antique Armour Shop.
 50696 | Depths:2 | Found Litaaske's Magic Scroll Shop.
 50696 | Depths:2 | Found Totsua's Food Shop.
 50702 | Depths:2 | Found Ciurrexzo's Jewellery Shop.
 50911 | Depths:2 | Found a transporter.
 50915 | Depths:2 | Found a transporter.
 51394 | Depths:3 | Received a gift from Okawaru
 51460 | Depths:3 | Found a portal to a secret trove of treasure.
 51617 | Depths:3 | Reached XP level 23. HP: 227/227 MP: 30/30
 51812 | Depths:3 | Found a gateway to a ziggurat.
 51883 | Depths:3 | Found a transporter.
 52425 | Depths:3 | Found a one-way gate leading to the halls of Pandemonium.
 52593 | Depths:3 | Found a deep blue altar of Sif Muna.
 52644 | Depths:4 | Found a runed translucent gate.
 52644 | Depths:4 | Found a runed translucent gate.
 53141 | Depths:4 | Found a runed translucent gate.
 53781 | Depths:4 | Reached skill level 15 in Armour
 53852 | Depths:4 | Found a viscous altar of Jiyva.
 53855 | Depths:4 | Received a gift from Okawaru
 53868 | Depths:4 | Reached skill level 15 in Dodging
 54380 | Depths:4 | Found Eckotwock's Jewellery Shop.
 54380 | Depths:4 | Found Rycamnal's Gadget Shoppe.
 54381 | Depths:4 | Found Gishad's Jewellery Shop.
 54806 | Depths:4 | Noticed Caat Rau's ghost (adept DgCj)
 55012 | Depths:4 | Received a gift from Okawaru
 55072 | Depths:4 | Received a gift from Okawaru
 55581 | Depths:5 | Entered Level 5 of the Depths
 55584 | Depths:5 | Received a gift from Okawaru
 55607 | Depths:5 | Noticed Mennas
 55658 | Depths:4 | Killed Mennas
 55941 | Depths:4 | Reached XP level 24. HP: 238/239 MP: 30/30
 56179 | Depths:5 | Noticed Boris
 56354 | Depths:4 | Received a gift from Okawaru
 56788 | Depths:5 | Found a gate to the Realm of Zot.
 56985 | Depths:5 | Received a gift from Okawaru
 57035 | Depths:5 | Killed Boris
 57052 | Depths:5 | Received a gift from Okawaru
 58006 | Slime:1  | Entered Level 1 of the Pits of Slime
 58109 | Lair:5   | Received a gift from Okawaru
 58658 | Slime:5  | Entered Level 5 of the Pits of Slime
 58720 | Slime:4  | Received a gift from Okawaru
 58869 | Slime:5  | Noticed the Royal Jelly
 60171 | Slime:5  | Found a viscous altar of Jiyva.
 60218 | Slime:5  | Killed the Royal Jelly
 60218 | Slime:5  | Received a gift from Okawaru
 60230 | Slime:5  | Reached XP level 25. HP: 203/249 MP: 26/30
 60326 | Slime:5  | Got a slimy rune of Zot
 60328 | Slime:5  | Got a glittering bronze ring
 60329 | Slime:5  | Identified the ring "Bicrol" {rPois Str+4} (You found it on
                  | level 5 of the Pits of Slime)
 60387 | Slime:5  | Identified Sopn's Catalogue of Mutagenic Fire
 60819 | Vaults:2 | Killed MackTheFife's ghost
 60819 | Vaults:2 | Received a gift from Okawaru
 60921 | Vaults:2 | Found a staircase to the Crypt.
 61852 | Depths:3 | You paid a toll of 15 potions of curing to enter a treasure
                  | trove
 61853 | Trove    | Entered a treasure trove
 61856 | Trove    | Found the +10 large shield of Ignorance {rN+ Int-4}
 61857 | Trove    | Found the +0 Maxwell's etheric cage {RegenMP+ *Contam rElec
                  | MP+4}
 62024 | Depths:3 | Found a transporter.
 62103 | Depths:3 | Learned a level 1 spell: Apportation
 62105 | Depths:3 | Learned a level 1 spell: Summon Butterflies
 62108 | Depths:3 | Learned a level 2 spell: Blink
 62111 | Depths:3 | Learned a level 2 spell: Passwall
 62114 | Depths:3 | Learned a level 2 spell: Swiftness
 62118 | Depths:3 | Learned a level 3 spell: Regeneration
 62122 | Depths:3 | Learned a level 3 spell: Portal Projectile
 62444 | Vaults:5 | Entered Level 5 of the Vaults
 62510 | Vaults:5 | Reached skill level 1 in Spellcasting
 62510 | Vaults:5 | Reached skill level 1 in Translocations
 62675 | Vaults:5 | Noticed an ancient lich
 62686 | Vaults:5 | Killed an ancient lich
 62707 | Vaults:5 | Received a gift from Okawaru
 62776 | Vaults:5 | Received a gift from Okawaru
 62916 | Vaults:5 | Received a gift from Okawaru
 63193 | Vaults:5 | Reached skill level 5 in Spellcasting
 63313 | Vaults:5 | Found Suit's Food Shoppe.
 63426 | Vaults:5 | Received a gift from Okawaru
 63434 | Vaults:5 | Identified the -5 pair of gloves "Gapsic" {Str-5 Dex+5
                  | SInv} (Okawaru gifted it to you on level 5 of the Vaults)
 63706 | Vaults:5 | Got a silver rune of Zot
 63973 | Vaults:5 | Reached skill level 5 in Translocations
 64174 | Vaults:5 | Noticed an ancient lich
 64188 | Vaults:5 | Killed an ancient lich
 64403 | Vaults:5 | Identified the +5 spear of Ligeymaw {freeze, +Rage Str+4}
 64409 | Vaults:5 | Reached XP level 26. HP: 260/260 MP: 33/33
 64567 | Vaults:5 | Identified the Volume of Harmful Feathers
 65108 | Zot:1    | Entered Level 1 of the Realm of Zot
 65437 | Zot:1    | Received a gift from Okawaru
 65490 | Zot:1    | Received a gift from Okawaru
 65494 | Zot:1    | Identified the +1 centaur barding of the Realm of Zot {MR-
                  | Str+7 Dex+5} (Okawaru gifted it to you on level 1 of the
                  | Realm of Zot)
 67533 | Zot:2    | Received a gift from Okawaru
 67739 | Zot:2    | Noticed an ancient lich
 67747 | Zot:2    | Killed an ancient lich
 68268 | Zot:2    | Received a gift from Okawaru
 68335 | Zot:2    | Found a large runed translucent door.
 68335 | Zot:2    | Found a large runed translucent door.
 68339 | Zot:2    | Noticed Infinimo's ghost (legendary GrGl)
 68850 | Zot:3    | Reached skill level 10 in Spellcasting
 69266 | Zot:3    | Received a gift from Okawaru
 69266 | Zot:3    | Reached XP level 27. HP: 266/268 MP: 37/37
 69502 | Zot:3    | Received a gift from Okawaru
 69706 | Zot:3    | Received a gift from Okawaru
 69709 | Zot:3    | Identified the +0 pair of gloves "Siurch" {+Blink MR-
                  | Int+6} (Okawaru gifted it to you on level 3 of the Realm of
                  | Zot)
 70339 | Zot:3    | Reached skill level 27 in Fighting
 71677 | Zot:5    | Entered Level 5 of the Realm of Zot
 71725 | Zot:5    | Received a gift from Okawaru
 71748 | Zot:5    | Reached skill level 10 in Translocations
 71990 | Zot:5    | Reached skill level 1 in Hexes
 72207 | Zot:5    | Noticed an ancient lich
 72211 | Zot:5    | Noticed an orb of fire
 72411 | Zot:5    | Noticed an orb of fire
 72420 | Zot:4    | Killed an ancient lich
 72422 | Zot:4    | Received a gift from Okawaru
 72546 | Zot:4    | Gained mutation: You are clumsy. (Dex -2) [an orb of fire]
 72548 | Zot:4    | Killed an orb of fire
 72548 | Zot:4    | Received a gift from Okawaru
 72597 | Zot:4    | Killed an orb of fire
 72849 | Zot:4    | Reached skill level 5 in Hexes
 73083 | Zot:5    | Lost mutation: You are clumsy. (Dex -2) [potion of
                  | mutation]
 73083 | Zot:5    | Gained mutation: You are clumsy. (Dex -2) [potion of
                  | mutation]
 73083 | Zot:5    | Lost mutation: You are clumsy. (Dex -2) [potion of
                  | mutation]
 73306 | Zot:5    | Noticed an ancient lich
 73312 | Zot:5    | Killed an ancient lich
 73556 | Zot:5    | Received a gift from Okawaru
 74096 | Zot:5    | Noticed an orb of fire
 74480 | Zot:4    | Received a gift from Okawaru
 74484 | Zot:4    | Got a pair of faintly glowing gloves {god gift}
 74485 | Zot:4    | Identified the +0 pair of gloves "Saibriull" {Int+5 Slay+3}
                  | (Okawaru gifted it to you on level 4 of the Realm of Zot)
 74505 | Zot:5    | Killed an orb of fire
 74666 | Zot:5    | Noticed an ancient lich
 74695 | Zot:5    | Killed an ancient lich
 75365 | Zot:5    | Learned a level 4 spell: Passage of Golubria
 75592 | Depths:4 | Killed Caat Rau's ghost
 75725 | Zig:1    | Entered Level 1 of a ziggurat
 75748 | Zig:2    | Entered Level 2 of a ziggurat
 75795 | Zig:3    | Entered Level 3 of a ziggurat
 75854 | Zig:4    | Entered Level 4 of a ziggurat
 75938 | Zig:5    | Entered Level 5 of a ziggurat
 75999 | Zig:6    | Entered Level 6 of a ziggurat
 76063 | Zig:6    | Identified the ring of Okawaru's Regard {rElec rF++ Int-3
                  | SInv} (You found it on level 6 of a ziggurat)
 76070 | Zig:7    | Entered Level 7 of a ziggurat
 76263 | Zig:7    | Got a smoking platinum ring
 76296 | Zig:7    | Identified Xaqyuden's Collected Works on Enchanting
                  | Creation
 76306 | Zig:7    | Identified the ring "Vosisue Weiwk" {*Slow +Fly rPois Str+3
                  | Dex+3} (You found it on level 7 of a ziggurat)
 76307 | Zig:7    | Identified the ring of Awe {rPois MP+9 Str+4 Int+4} (You
                  | found it on level 7 of a ziggurat)
 76328 | Zig:8    | Entered Level 8 of a ziggurat
 76621 | Zig:8    | Identified the Handbook of Attacks
 76659 | Zig:9    | Entered Level 9 of a ziggurat
 76677 | Zig:9    | Received a gift from Okawaru
 76713 | Zig:9    | Reached skill level 10 in Hexes
 76726 | Zig:9    | Received a gift from Okawaru
 76760 | Zig:9    | Identified the +4 plate armour "Deem Pes" {rF+ Int+3 Dex-5
                  | Stlth+} (You found it on level 9 of a ziggurat)
 76946 | Zig:10   | Entered Level 10 of a ziggurat
 77251 | Zig:11   | Entered Level 11 of a ziggurat
 77366 | Zig:11   | Identified the ring of Mysticism {+Fly rElec rN+ Stlth-}
                  | (You found it on level 11 of a ziggurat)
 77571 | Zig:12   | Entered Level 12 of a ziggurat
 77620 | Zig:12   | Noticed a greater mummy
 77625 | Zig:12   | Noticed a greater mummy
 77647 | Zig:12   | Killed a greater mummy
 77647 | Zig:12   | Received a gift from Okawaru
 77658 | Zig:12   | Killed a greater mummy
 78292 | Zig:12   | Got a warped cloak
 78309 | Zig:13   | Entered Level 13 of a ziggurat
 78332 | Zig:13   | Received a gift from Okawaru
 78769 | Zig:13   | Found the +2 cloak of the Thief {+Fog Slay-2 SInv Stlth+}
 78771 | Zig:13   | Found the +2 ratskin cloak {+Rats rPois rN+ Str-1 Int-1
                  | Dex+1}
 78805 | Zig:14   | Entered Level 14 of a ziggurat
 79177 | Zig:14   | Identified the +2 cloak of the Trout {*Corrode rF++ Str+4}
                  | (You found it on level 12 of a ziggurat)
 79186 | Zig:15   | Entered Level 15 of a ziggurat
 79237 | Zig:15   | Received a gift from Okawaru
 79574 | Zig:15   | Got a polished longbow {god gift}
 79575 | Zig:15   | Identified the +1 longbow of the First Beds {venom, rC+}
                  | (Okawaru gifted it to you on level 15 of a ziggurat)
 79653 | Zig:15   | Identified the Catalogue of the Rocks
 79660 | Zig:15   | Got a warped granite ring
 79662 | Zig:15   | Identified the ring of Optimism {rElec rC+ Stlth-} (You
                  | found it on level 15 of a ziggurat)
 79666 | Zig:15   | Got a transparent platinum ring
 79667 | Zig:15   | Identified the ring of Creativity {rN+ MR+ Dex-4 Slay+4
                  | Stlth+} (You found it on level 15 of a ziggurat)
 79677 | Zig:15   | Got a shimmering turquoise ring
 79678 | Zig:15   | Identified the ring of Saisakoxt {Str+5 Dex+4 Stlth-} (You
                  | found it on level 15 of a ziggurat)
 80117 | D:5      | Fell from the grace of Okawaru
 80117 | D:5      | Became a worshipper of the Shining One
 80335 | Crypt:1  | Entered Level 1 of the Crypt
 80713 | Crypt:1  | Reached * piety under the Shining One
 81116 | Crypt:1  | Found a transporter.
 81235 | Crypt:1  | Found a runed translucent gate.
 81235 | Crypt:1  | Found a runed translucent gate.
 81235 | Crypt:1  | Found a runed translucent gate.
 81235 | Crypt:1  | Reached ** piety under the Shining One
 81236 | Crypt:1  | Noticed Kucw's ghost (adept GrFi)
 81237 | Crypt:1  | Noticed Boris
 81256 | Crypt:1  | Killed Boris
 81338 | Crypt:1  | Found a transporter.
 82445 | Elf:3    | Identified the +8 longbow of Nyosibb {venom, rF+ MR+} (You
                  | found it on level 3 of the Elven Halls)
 82847 | Crypt:2  | Reached *** piety under the Shining One
 82904 | Crypt:2  | Found a runed translucent gate.
 82905 | Crypt:2  | Found a runed translucent gate.
 82905 | Crypt:2  | Found a runed translucent gate.
 82973 | Crypt:2  | Reached **** piety under the Shining One
 82993 | Crypt:2  | Noticed Boris
 83015 | Crypt:2  | Killed Boris
 83020 | Crypt:2  | Reached ***** piety under the Shining One
 83936 | Crypt:3  | Entered Level 3 of the Crypt
 84023 | Crypt:3  | Reached ****** piety under the Shining One
 84054 | Crypt:3  | Noticed a greater mummy
 84057 | Crypt:3  | Noticed a greater mummy
 84063 | Crypt:3  | Noticed a greater mummy
 84078 | Crypt:2  | Identified a +9 longbow of holy wrath (a +7 longbow of
                  | flaming blessed by the Shining One)
 84078 | Crypt:2  | Received a gift from the Shining One
 84468 | Crypt:3  | Killed a greater mummy
 84488 | Crypt:2  | Killed a greater mummy
 84734 | Crypt:3  | Killed a greater mummy
 85222 | Crypt:3  | Noticed Khufu
 85228 | Crypt:3  | Killed Khufu
 85505 | Crypt:3  | Noticed Saint Roka
 85537 | Crypt:3  | Killed Saint Roka
 86520 | Crypt:3  | Found a staircase to the Tomb.
 86578 | Crypt:3  | Noticed an ancient lich
 86583 | Crypt:3  | Killed an ancient lich
 86584 | Crypt:3  | Found a basalt altar of Yredelemnul.
 86624 | Crypt:3  | Found the +27 Lear's hauberk
 86627 | Crypt:3  | Identified the Papyrus of Evil
 88421 | Crypt:1  | Killed Kucw's ghost
 88959 | Crypt:1  | Noticed an ancient lich
 88973 | Crypt:1  | Killed an ancient lich
 89849 | Crypt:1  | Got a sparkling lead amulet
 89857 | Crypt:1  | Got a heavily runed tin amulet
 90106 | Orc:1    | Bought a scroll of identify for 60 gold pieces
 90106 | Orc:1    | Bought a scroll of identify for 60 gold pieces
 90106 | Orc:1    | Identified the amulet of Liberalism {+Rage +Fly Str+4} (You
                  | found it on level 1 of the Crypt)
 90107 | Orc:1    | Identified the amulet "Raux" {Spirit Slay+6} (You found it
                  | on level 1 of the Crypt)
 90385 | Hell     | Entered the Vestibule of Hell
 90387 | Hell     | Noticed Geryon
 90459 | Hell     | Killed Geryon
 90589 | Hell     | Found a gateway to the ashen valley of Gehenna.
 90702 | Hell     | Reached skill level 15 in Invocations
 90719 | Hell     | Found a gateway to the decaying netherworld of Tartarus.
 90773 | Hell     | Found a gateway to the freezing wastes of Cocytus.
 90895 | Hell     | Found a gateway to the Iron City of Dis.
 91103 | Depths:3 | Was forgiven by Okawaru
 91225 | Pan      | Entered Pandemonium
 91817 | Pan      | Noticed Soisaogo the pandemonium lord
 91833 | Pan      | Killed Soisaogo the pandemonium lord
 92341 | Pan      | Noticed Haweosm the pandemonium lord
 92345 | Pan      | Killed Haweosm the pandemonium lord
 93521 | Pan      | Entered the realm of Cerebov.
 94369 | Pan      | Identified the +0 longbow "Woiwk" {venom, rN+ MR++}
 94380 | Pan      | Identified the +7 lajatang of Farual {freeze, +Rage rPois
                  | Dex+4}
 94406 | Pan      | Identified the +6 sword of Cerebov {flame}
 94406 | Pan      | Noticed Cerebov
 94429 | Pan      | Gained mutation: Your body sometimes deteriorates upon
                  | taking damage. [a cacodemon]
 94702 | Pan      | Killed Cerebov
 94995 | Pan      | Identified the Incunabulum of the Scorching Oath
 95097 | Pan      | Got a fiery rune of Zot
 95136 | Pan      | Identified the Grimoire of Floating Sinister Rituals
 95261 | Pan      | Noticed Zaukh the pandemonium lord
 95272 | Pan      | Killed Zaukh the pandemonium lord
 95429 | Pan      | Found an exit through the horrors of the Abyss.
 95498 | Pan      | Identified the +8 halberd of Chaos {drain, rElec}
 95639 | Pan      | Got a scintillating bronze ring
 95648 | Pan      | Identified the ring "Zeilied" {MR+ Str+3} (You found it in
                  | Pandemonium)
 96087 | Pan      | Entered the realm of Mnoleg.
 96185 | Pan      | Gained mutation: You passively map a small area around you.
                  | [a cacodemon]
 96341 | Pan      | Noticed Mnoleg
 96359 | Pan      | Killed Mnoleg
 96458 | Pan      | Lost mutation: Your body sometimes deteriorates upon taking
                  | damage. [potion of mutation]
 96458 | Pan      | Lost mutation: You passively map a small area around you.
                  | [potion of mutation]
 97103 | Pan      | Got a glowing rune of Zot
 97328 | Pan      | Noticed Emut the pandemonium lord
 97346 | Pan      | Killed Emut the pandemonium lord
 97874 | Pan      | Noticed Jaqor the pandemonium lord
 97884 | Pan      | Killed Jaqor the pandemonium lord
 97916 | Pan      | Identified the +6 scale mail of the Iron City of Dis {rF+}
 97998 | Pan      | Entered the realm of Lom Lobon.
 98097 | Pan      | Noticed Lom Lobon
 98112 | Pan      | Killed Lom Lobon
 98164 | Pan      | Got a magical rune of Zot
 98486 | Pan      | Found an exit through the horrors of the Abyss.
 98490 | Pan      | Entered the realm of Gloorx Vloq.
 98820 | Pan      | Found an exit through the horrors of the Abyss.
 99823 | Pan      | Noticed Gloorx Vloq
 99836 | Pan      | Killed Gloorx Vloq
100394 | Pan      | Got a dark rune of Zot
100757 | Pan      | Noticed Somos the pandemonium lord
100790 | Pan      | Killed Somos the pandemonium lord
100875 | Pan      | Identified the Tome of the Entourage
100879 | Pan      | Got a demonic rune of Zot
100903 | Pan      | Noticed Gijox the pandemonium lord
100965 | Pan      | Killed Gijox the pandemonium lord
102076 | Pan      | Found an exit through the horrors of the Abyss.
102089 | Pan      | Took an exit into the Abyss.
102089 | Abyss:1  | Escaped into the Abyss
102101 | Abyss:2  | Found a corrupted altar of Lugonu.
102673 | Abyss:3  | Reached skill level 27 in Invocations
102688 | Abyss:3  | Got an abyssal rune of Zot
103046 | Depths:3 | Escaped the Abyss
103135 | Tar:1    | Entered Level 1 of Tartarus
104439 | Tar:3    | You fall through a shaft for 2 floors!
104734 | Tar:6    | You fall through a shaft!
104734 | Tar:7    | Entered Level 7 of Tartarus
105152 | Tar:7    | Noticed Ereshkigal
105179 | Tar:7    | Killed Ereshkigal
105186 | Tar:7    | Noticed an ancient lich
105197 | Tar:7    | Killed an ancient lich
105541 | Tar:7    | Got a bone rune of Zot
105580 | Tar:7    | Gained mutation: You are dopey. (Int -2) [mutagenic glow]
105790 | Dis:1    | Entered Level 1 of the Iron City of Dis
106851 | Dis:3    | You fall through a shaft for 3 floors!
106863 | Dis:7    | Entered Level 7 of the Iron City of Dis
107175 | Dis:7    | Identified the +4 staff of Dispater
107175 | Dis:7    | Noticed Dispater
107198 | Dis:7    | Killed Dispater
107217 | Dis:7    | Got an iron rune of Zot
107363 | Coc:1    | Entered Level 1 of Cocytus
107751 | Coc:7    | Entered Level 7 of Cocytus
107956 | Coc:7    | Gained mutation: Your body sometimes deteriorates upon
                  | taking damage. [mutagenic glow]
108206 | Coc:7    | Identified the amulet of the Failed Coup {+Rage rC+ Int+4}
108206 | Coc:7    | Noticed Antaeus
108233 | Coc:7    | Killed Antaeus
108252 | Coc:7    | Got an icy rune of Zot
108297 | Coc:7    | Identified the ring "Hitzou Avvi" {Str+3 Dex+2} (You found
                  | it on level 7 of Cocytus)
108564 | Geh:1    | Entered Level 1 of Gehenna
108660 | Geh:3    | Found a huge runed gate.
108660 | Geh:3    | Found a huge runed gate.
108660 | Geh:3    | Found a huge runed gate.
108661 | Geh:3    | Found a huge runed gate.
108661 | Geh:3    | Found a huge runed gate.
108662 | Geh:3    | Found a huge runed gate.
108664 | Geh:3    | Found a huge runed gate.
108664 | Geh:3    | Found a huge runed gate.
108664 | Geh:3    | Found a huge runed gate.
108793 | Geh:7    | Entered Level 7 of Gehenna
108883 | Geh:7    | Noticed the Serpent of Hell
108894 | Geh:7    | Killed the Serpent of Hell
109290 | Geh:7    | Identified the +7 sceptre of Asmodeus
109290 | Geh:7    | Noticed Asmodeus
109302 | Geh:7    | Killed Asmodeus
109316 | Geh:7    | Got an obsidian rune of Zot
109874 | Tomb:1   | Entered Level 1 of the Tomb of the Ancients
109967 | Tomb:1   | Noticed Boris
109972 | Tomb:1   | Killed Boris
110436 | Tomb:1   | Noticed a greater mummy
110448 | Tomb:1   | Killed a greater mummy
111121 | Tomb:1   | Noticed a greater mummy
111125 | Tomb:1   | Noticed a greater mummy
111128 | Tomb:1   | Killed a greater mummy
111128 | Tomb:1   | Noticed a greater mummy
111132 | Tomb:1   | Noticed a greater mummy
111137 | Tomb:1   | Killed a greater mummy
111138 | Tomb:1   | Killed a greater mummy
111143 | Tomb:1   | Killed a greater mummy
111151 | Tomb:1   | Noticed a greater mummy
111156 | Tomb:1   | Killed a greater mummy
111666 | Tomb:1   | Noticed a greater mummy
111675 | Tomb:1   | Killed a greater mummy
111868 | Tomb:1   | Noticed a greater mummy
111875 | Tomb:1   | Killed a greater mummy
112114 | Tomb:1   | Noticed a greater mummy
112125 | Tomb:1   | Killed a greater mummy
112171 | Tomb:1   | Noticed a greater mummy
112178 | Tomb:1   | Killed a greater mummy
112380 | Tomb:1   | Noticed a greater mummy
112383 | Tomb:1   | Noticed a greater mummy
112386 | Tomb:1   | Noticed a greater mummy
112390 | Tomb:1   | Noticed a greater mummy
112392 | Tomb:1   | Killed a greater mummy
112393 | Tomb:1   | Killed a greater mummy
112396 | Tomb:1   | Killed a greater mummy
112917 | Tomb:1   | Noticed a greater mummy
112930 | Tomb:1   | Killed a greater mummy
112959 | Tomb:1   | Noticed a greater mummy
112964 | Tomb:1   | Killed a greater mummy
113012 | Tomb:1   | Noticed a greater mummy
113017 | Tomb:1   | Killed a greater mummy
113053 | Tomb:1   | Noticed a greater mummy
113053 | Tomb:1   | Noticed a greater mummy
113063 | Tomb:1   | Killed a greater mummy
113067 | Tomb:1   | Killed a greater mummy
113078 | Tomb:1   | Killed a greater mummy
113152 | Tomb:1   | Noticed a greater mummy
113170 | Tomb:1   | Killed a greater mummy
113177 | Tomb:1   | Noticed a greater mummy
113202 | Tomb:1   | Killed a greater mummy
113600 | Tomb:2   | Noticed a greater mummy
113601 | Tomb:2   | Noticed a greater mummy
113601 | Tomb:2   | Noticed a greater mummy
113611 | Tomb:2   | Noticed a greater mummy
113612 | Tomb:2   | Killed a greater mummy
113613 | Tomb:2   | Killed a greater mummy
113613 | Tomb:2   | Noticed a greater mummy
113614 | Tomb:2   | Killed a greater mummy
113624 | Tomb:2   | Killed a greater mummy
113625 | Tomb:2   | Killed a greater mummy
113930 | Tomb:2   | Identified the Tome of Sinister Talismans
114935 | Tomb:3   | Entered Level 3 of the Tomb of the Ancients
114941 | Tomb:3   | Noticed a greater mummy
114953 | Tomb:3   | Killed a greater mummy
114960 | Tomb:3   | Noticed a greater mummy
114961 | Tomb:3   | Noticed a greater mummy
114962 | Tomb:3   | Noticed a greater mummy
114963 | Tomb:3   | Noticed Boris
114966 | Tomb:3   | Killed a greater mummy
114967 | Tomb:3   | Killed Boris
114969 | Tomb:3   | Killed a greater mummy
114970 | Tomb:3   | Killed a greater mummy
114972 | Tomb:3   | Reached skill level 27 in Dodging
114973 | Tomb:3   | Reached skill level 27 in Armour
114974 | Tomb:3   | Noticed a greater mummy
114978 | Tomb:3   | Killed a greater mummy
114991 | Tomb:3   | Noticed a greater mummy
114997 | Tomb:3   | Killed a greater mummy
115190 | Tomb:3   | Noticed a greater mummy
115203 | Tomb:3   | Killed a greater mummy
115240 | Tomb:3   | Noticed a greater mummy
115251 | Tomb:3   | Killed a greater mummy
115557 | Tomb:3   | Identified the +4 plate armour of Xuxostach {rPois rC+
                  | Dex-4} (You found it on level 3 of the Tomb of the
                  | Ancients)
115564 | Tomb:3   | Got a vibrating jade ring
115565 | Tomb:3   | Identified the cursed ring "Seqoroz" {rPois Str-2} (You
                  | found it on level 3 of the Tomb of the Ancients)
115705 | Tomb:3   | Got a golden rune of Zot
115715 | Tomb:3   | Noticed a greater mummy
115720 | Tomb:3   | Killed a greater mummy
116023 | Tomb:3   | Identified Jett's Disquisition on Earth and Feathers
116841 | Zot:5    | Got the Orb of Zot
116922 | Zot:4    | Noticed a seraph
117149 | D:15     | Noticed Antuascha the pandemonium lord
117223 | D:12     | Noticed Poll the pandemonium lord
117256 | D:10     | Noticed Vypeupp the pandemonium lord
117469 | D:$      | Escaped with the Orb!

Skill      XL: |  1  2  3  4  5  6  7  8  9 10 11 12 13 14 15 16 17 18 19 20 21 22 23 24 25 26 27 |
---------------+----------------------------------------------------------------------------------+-----
Fighting       | 4 5 6 8 9 10 11 12 13 15 16 17 18 20 21 22 23 24 25 26 27 | 27.0
Bows           | 3 11 12 13 14 16 18 20 22 | 22.9
Armour         | 3 4 5 7 9 10 11 12 13 14 15 16 17 27 | 27.0
Dodging        | 1 3 5 7 9 10 11 12 13 14 15 16 17 27 | 27.0
Invocations    | 5 8 10 27 | 27.0
Spellcasting   | 6 10 12 | 12.1
Translocations | 5 8 10 | 10.0
Hexes          | 10 | 10.0
Summonings     | 4 |  4.5
Shields        | |  1.0
Evocations     | |  1.0

Action                   |  1- 3 |  4- 6 |  7- 9 | 10-12 | 13-15 | 16-18 | 19-21 | 22-24 | 25-27 || total
-------------------------+-------+-------+-------+-------+-------+-------+-------+-------+-------++-------
Melee: Mace              |   129 |    66 |       |       |       |       |       |       |       ||   195
       Kick              |    19 |    23 |    80 |   135 |     7 |     2 |       |     2 |     2 ||   270
       Dagger            |       |   100 |   328 |   418 |    23 |       |       |       |       ||   869
       Longbow           |       |       |       |       |     1 |     3 |       |     3 |     3 ||    10
       Unarmed           |       |       |       |       |       |       |       |       |     1 ||     1
 Fire: Shortbow          |       |    17 |    13 |   557 |    15 |       |       |       |       ||   602
       Longbow           |       |       |       |   145 |  1573 |  1315 |  1223 |  2092 |  7732 || 14080
Throw: Throwing net      |       |       |     1 |       |     3 |       |       |       |       ||     4
 Cast: Apportation       |       |       |       |       |       |       |       |       |   225 ||   225
       Blink             |       |       |       |       |       |       |       |       |    17 ||    17
       Portal Projectile |       |       |       |       |       |       |       |       |     7 ||     7
Invok: Heroism           |       |       |       |       |     2 |       |     1 |     2 |    24 ||    29
       Finesse           |       |       |       |       |     2 |       |     1 |     2 |    22 ||    27
       Cleansing Flame   |       |       |       |       |       |       |       |       |   390 ||   390
       Divine Shield     |       |       |       |       |       |       |       |       |    19 ||    19
       Summon Divine War |       |       |       |       |       |       |       |       |     8 ||     8
       Brand Weapon With |       |       |       |       |       |       |       |       |     1 ||     1
Evoke: Wand              |       |       |     3 |     3 |       |     1 |       |    25 |    17 ||    49
  Use: Scroll            |       |     8 |     8 |    13 |    18 |    11 |     1 |     7 |    76 ||   142
       Potion            |       |       |       |     1 |       |       |     5 |       |    55 ||    61
  Eat: Chunk             |     2 |     4 |     8 |    19 |    18 |    17 |     9 |    17 |    26 ||   120
       Ration            |       |       |     1 |       |     3 |     4 |     3 |     5 |    54 ||    70
Armor: Ring mail         |    79 |       |       |       |       |       |       |       |       ||    79
       Scale mail        |     6 |   136 |    82 |   343 |   277 |       |       |       |       ||   844
       Chain mail        |       |    15 |   104 |       |       |       |       |       |       ||   119
       Crystal plate arm |       |       |       |       |    12 |    93 |   330 |   918 |  2704 ||  4057
       Plate armour      |       |       |       |       |       |   279 |       |       |       ||   279
       Skin              |       |       |       |       |       |       |       |       |   175 ||   175
Dodge: Dodged            |    67 |   102 |   181 |   413 |   252 |   167 |   154 |  1097 |  3865 ||  6298
       Deflected         |       |       |       |       |       |       |       |       |   166 ||   166
Block: Other             |       |       |       |       |       |       |       |       |   393 ||   393
